 Dungeon Crawl Stone Soup version 0.20.1-1-g8b1a95d (webtiles) character file.

107 Kingsmith the Shield-Bearer (level 5, -11/41 HPs)
             Began as a Formicid Fighter on Dec 7, 2017.
             Mangled by Jessica
             ... wielding a +2 dagger of electrocution
              (13 damage)
             ... on level 3 of the Dungeon.
             The game lasted 00:03:40 (1809 turns).

Kingsmith the Shield-Bearer (Formicid Fighter)      Turns: 1809, Time: 00:03:40

Health: -11/41     AC:  6    Str: 21    XL:     5   Next: 10%
Magic:  5/5        EV: 11    Int:  8    God:
Gold:   103        SH:  7    Dex: 10    Spells: 4/4 levels left

rFire    + . .     SeeInvis +   a - +0 long sword
rCold    . . .     Gourm    .   h - +2 buckler {reflect}
rNeg     . . .     Faith    .   y - +2 leather armour {rF+}
rPois    .         Spirit   .   (helmet unavailable)
rElec    .         Reflect  +   (no cloak)
rCorr    .         Harm     .   (no gloves)
MR       .....                  A - +0 pair of boots
Stlth    +.........             (no amulet)
Regen    0.2/turn               (no ring)
MPRegen  0.1/turn               (no ring)

@: no status effects
A: permanent stasis, dig shafts and tunnels, four strong arms, antennae 3
a: Dig, Shaft Self


You were on level 3 of the Dungeon.
You were not hungry.

You visited 1 branch of the dungeon, and saw 3 of its levels.

You collected 103 gold pieces.

Inventory:

Hand Weapons
 a - a +0 long sword (weapon)
Armour
 h - a +2 buckler of reflection (worn)
 y - a +2 leather armour of fire resistance (worn)
 A - a +0 pair of boots (worn)
Scrolls
 e - a scroll of teleportation {unknown}
 i - 3 scrolls of amnesia {unknown}
 j - 5 scrolls of identify {unknown}
 m - 4 scrolls of fear {unknown}
 o - a scroll of remove curse {unknown}
 p - a scroll of enchant armour {unknown}
 t - a scroll of enchant weapon {unknown}
 v - a scroll of blinking {unknown}
 x - a scroll of noise {unknown}
Potions
 d - a potion of might
 k - 3 potions of mutation {unknown}
 n - a potion of haste {unknown}
 q - 2 potions of magic {unknown}
 r - 4 potions of heal wounds {unknown}
 s - 2 potions of curing {unknown}
 z - a potion of cancellation {unknown}
Comestibles
 f - 2 bread rations
 g - 5 fruits
 l - 2 meat rations
 u - a royal jelly
 w - 2 chunks of flesh


   Skills:
 - Level 3.2 Fighting
 - Level 2.0 Long Blades
 - Level 3.2 Armour
 + Level 1.5 Dodging
 + Level 0.3 Stealth
 + Level 5.9 Shields


You had 4 spell levels left.
You didn't know any spells.

Dungeon Overview and Level Annotations

Branches:
Dungeon (3/15)

Altars:

Annotations:
D:3 Jessica


Innate Abilities, Weirdness & Mutations

You cannot be hasted, slowed, berserked, paralysed or teleported.
You can dig through walls and to a lower floor.
Your four strong arms can wield two-handed weapons with a shield.
You have a pair of large antennae on your head. (SInv)


Message History

Jessica hits you but does no damage.
You are electrocuted!
* * * LOW HITPOINT WARNING * * *
You are too injured to fight recklessly!
You are too injured to fight recklessly!
You are too injured to fight recklessly!
You are too injured to fight recklessly!
You are too injured to fight recklessly!
You closely miss Jessica.
Jessica points at you and mumbles some strange words.
Pain shoots through your body!
* * * LOW HITPOINT WARNING * * *
Press: ? - help, v - describe, . - travel The floor.
You barely miss Jessica. You block Jessica's attack.
Jessica gestures wildly while chanting.
Jessica seems to speed up.
You hit Jessica but do no damage.
Jessica gestures wildly.
Jessica hits you but does no damage.
You are electrocuted!
You die...

#....(......# #..###.....
#...........############.#...###.
#........................+...# #.
###################......#.[.# #.
##......# #.###......# #.
#..!....####.#.#.#..(.# #.
+.......+..#..<#.#....# #.
#.......##.#####.##...# #.
#........@.......##...# #.
########.#@#########.####.
#.#...............)
#+#..########.####. .... #......
..... #..###. ....... ..... #.
.......# ###. #. #.###?... ....


You could see Jessica.

Vanquished Creatures
  3 adders
  4 dart slugs
  2 leopard geckos
  3 orcs (D:3)
  2 giant cockroaches
  9 goblins
  10 hobgoblins
  5 jackals
  A quokka (D:2)
  8 bats
  5 frilled lizards
  4 kobolds
  7 rats
63 creatures vanquished.

Notes
Turn   | Place    | Note
-------+----------+-------------------------------------------
     0 | D:1      | Kingsmith the Formicid Fighter began the quest for the Orb.
     0 | D:1      | Reached XP level 1. HP: 18/18 MP: 1/1
   155 | D:1      | Reached skill level 4 in Shields
   161 | D:1      | Reached XP level 2. HP: 7/24 MP: 2/2
   609 | D:1      | Reached XP level 3. HP: 29/29 MP: 3/3
   790 | D:2      | Reached skill level 5 in Shields
   909 | D:2      | Reached skill level 1 in Dodging
   909 | D:2      | Reached XP level 4. HP: 25/35 MP: 4/4
  1568 | D:3      | Reached XP level 5. HP: 30/41 MP: 5/5
  1801 | D:3      | Noticed Jessica
  1807 | D:3      | HP: 1/41 [Jessica/nerve-wracking pain (7)]
  1809 | D:3      | Mangled by Jessica

Skill      XL: |  1  2  3 |
---------------+----------+-----
Shields        | 4 5 |  5.9
Dodging        | 1 |  1.5
Fighting       | |  3.2
Long Blades    | |  2.0
Armour         | |  3.2
Stealth        | |  0.3

Action                   |  1- 3 |  4- 6 || total
-------------------------+-------+-------++-------
Melee: Long sword        |   117 |   133 ||   250
  Eat: Chunk             |       |     4 ||     4
Armor: Scale mail        |    43 |    65 ||   108
       Leather armour    |       |     1 ||     1
Dodge: Dodged            |    45 |    44 ||    89
Block: Shield            |    77 |    70 ||   147
       Buckler           |       |     1 ||     1
       Rpst.: Long sword |    11 |    22 ||    33
